 Dungeon Crawl Stone Soup version 0.29.1-12-g30fa7ad0bf (webtiles) character file.

Game seed: 8712082571256905285

809 Edgeworth the Chopper (level 7, -5/61 HPs)
             Began as a Minotaur Fighter on Dec 19, 2022.
             Slain by an acid dragon (6 damage)
             ... on level 5 of the Dungeon.
             The game lasted 00:08:32 (4507 turns).

Edgeworth the Chopper (Minotaur Fighter)            Turns: 4507, Time: 00:08:32

Health: -5/61      AC: 14    Str: 23    XL:     7   Next: 61%
Magic:  6/6        EV:  8    Int:  5    God:
Gold:   262        SH:  4    Dex:  9    Spells: 6/6 levels left

rFire   . . .      SeeInvis .   h - +5 war axe of Instinct {vorpal, rElec}
rCold   . . .      Faith    .   c - +0 buckler
rNeg    . . .      Spirit   .   v - +0 chain mail
rPois   .          Reflect  .   (helmet restricted)
rElec   +          Harm     .   f - +2 cloak
rCorr   .          Rampage  .   (no gloves)
Will    .....                   n - +0 pair of boots
Stlth   ..........              (no amulet)
HPRegen 0.20/turn               (no ring)
MPRegen 0.10/turn               (no ring)

@: no status effects
A: horns 2, retaliatory headbutt
a: no special abilities


You were on level 5 of the Dungeon.
You visited 1 branch of the dungeon, and saw 5 of its levels.

You collected 262 gold pieces.

Inventory:

Hand Weapons
 h - the +5 war axe of Instinct (weapon) {vorpal, rElec}
   (You found it on level 3 of the Dungeon)

   It inflicts extra damage upon your enemies.
   rElec:     It insulates you from electricity.
Armour
 c - a +0 buckler (worn)
 f - a +2 cloak (worn)
 n - a +0 pair of boots (worn)
 o - a scarf of shadows
 v - a +0 chain mail (worn)
Wands
 u - a wand of mindburst (13)
Scrolls
 a - a scroll of immolation {unknown}
 b - 2 scrolls of enchant weapon {unknown}
 i - 6 scrolls of identify {unknown}
 k - a scroll of butterflies {unknown}
 m - a scroll of poison {unknown}
 r - 4 scrolls of teleportation {unknown}
 s - a scroll of summoning {unknown}
 t - 3 scrolls of vulnerability {unknown}
 x - a scroll of acquirement {unknown}
 y - a scroll of noise {unknown}
 B - a scroll of amnesia {unknown}
Potions
 d - a potion of might
 e - 2 potions of curing {unknown}
 g - 2 potions of brilliance {unknown}
 j - 3 potions of flight {unknown}
 l - 3 potions of lignification {unknown}
 p - 2 potions of haste {unknown}
 q - 2 potions of attraction {unknown}
 w - a potion of resistance {unknown}
 z - a potion of heal wounds {unknown}
 A - a potion of degeneration {unknown}


   Skills:
 + Level 5.2 Fighting
 + Level 7.6 Axes
 + Level 6.0 Armour
 + Level 1.8 Dodging
 + Level 4.7 Shields


You had 6 spell levels left.
You didn't know any spells.
Your spell library contained the following spells:

 Spells                   Type           Power      Damage    Failure   Level
 Beastly Appendage        Tmut           0%         N/A       99%         1
 Shock                    Conj/Air       0%         1d3       99%         1
 Slow                     Hex            0%         N/A       99%         1
 Sting                    Tmut/Pois      0%         1d3       99%         1
 Poisonous Vapours        Pois/Air       0%         N/A       100%        2
 Static Discharge         Conj/Air       0%         3-3/arc   100%        2
 Wereblood                Tmut           0%         N/A       100%        2
 Confusing Touch          Hex            0%         N/A       100%        3
 Ozocubu's Armour         Ice            0%         N/A       100%        3
 Spider Form              Tmut/Pois      0%         N/A       100%        3
 Swiftness                Air            0%         N/A       100%        3
 Vampiric Draining        Necr           0%         2d6       100%        3
 Airstrike                Air            0%         2d(0-16)  100%        4
 Olgreb's Toxic Radiance  Pois           0%         N/A       100%        4
 Summon Ice Beast         Ice/Summ       0%         N/A       100%        4
 Lightning Bolt           Conj/Air       0%         1d11      100%        5
 Summon Mana Viper        Hex/Summ       0%         N/A       100%        5
 Monstrous Menagerie      Summ           0%         N/A       100%        7
 Ozocubu's Refrigeration  Ice            0%         4d7       100%        7
 Maxwell's Capacitive Co  Air            0%         ∞         100%        8


Dungeon Overview and Level Annotations

Branches:
Dungeon (5/15)
 Temple: D:4-7

Altars:

Shops:
D:1 *


Innate Abilities, Weirdness & Mutations

You have a pair of horns on your head.
You reflexively headbutt those who attack you in melee.


Message History

B - a scroll labelled LOOZXOROIFO An acid dragon comes into view.
The acid dragon roars!
An ice beast comes into view.
The acid dragon spits acid at you. The splash of acid hits you.
The acid dragon bites you.
The acid dragon claws you but does no damage.
You completely miss the acid dragon. You headbutt the acid dragon!
The acid dragon is severely wounded.
You hit the ice beast.
The ice beast hits you but does no damage.
The acid dragon barely misses you. x2
You closely miss the acid dragon.
The acid dragon is severely wounded.
You closely miss the ice beast.
The ice beast hits you but does no damage.
The acid dragon closely misses you. You furiously retaliate!
You headbutt the acid dragon, but do no damage.
You block the acid dragon's attack. You block the ice beast's attack.
The acid dragon bites you!
The acid dragon claws you but does no damage.
You barely miss the acid dragon.
The acid dragon is heavily wounded.
You slash the ice beast! The ice beast hits you. The ice beast freezes you!
The acid dragon spits acid at you. The splash of acid hits you!!
* * * LOW HITPOINT WARNING * * *
You barely miss the acid dragon.
The acid dragon is heavily wounded.
You hit the ice beast. You block the ice beast's attack.
The acid dragon bites you.
* * * LOW HITPOINT WARNING * * *
The acid dragon claws you but does no damage.
You hit the acid dragon.
The acid dragon is severely wounded.
You closely miss the ice beast.
The ice beast hits you but does no damage.
The acid dragon bites you.
You die...

#.......## ##
..###....######. ..#
###...##...# . ..##
##......## .. #..#
###.....##
...######..###.....###
#.....$..........#..####
#....Y.......#####.....
#....D@....## #..###.
##.#####...# #..# ###.##
##.## #...####..#
###.....##..#
###..........##
#............#
#####........###
##...........


You could see an acid dragon (catching breath) and an ice beast.

Vanquished Creatures
  2 ogres (D:4)
  A necrophage (D:5)
  A gnoll sergeant (D:5)
  A scorpion (D:5)
  A hound (D:5)
  2 jellies
  Terence (D:2)
  3 iguanas (D:5)
  Robin (D:2)
  2 adders
  11 gnolls
  2 worms
  3 dart slugs
  7 orcs
  9 endoplasms
  2 giant cockroaches (D:1)
  12 goblins
  12 hobgoblins
  14 jackals
  12 kobolds
  4 quokkas
  7 ball pythons
  11 bats
  4 frilled lizards
  12 rats
137 creatures vanquished.

Vanquished Creatures (others)
  3 fungi (D:2)
  A plant (D:2)
4 creatures vanquished.

Grand Total: 141 creatures vanquished

Notes
Turn   | Place    | Note
-------+----------+-------------------------------------------
     0 | D:1      | Edgeworth the Minotaur Fighter began the quest for the Orb.
     0 | D:1      | Reached XP level 1. HP: 19/19 MP: 0/0
   194 | D:1      | Reached XP level 2. HP: 23/27 MP: 1/1
   385 | D:1      | Found Ufoepi's Assorted Antiques.
   631 | D:1      | Reached XP level 3. HP: 24/33 MP: 2/2
   759 | D:1      | Reached skill level 3 in Axes
  1210 | D:2      | Reached XP level 4. HP: 40/40 MP: 3/3
  1398 | D:2      | Found a faded altar of an unknown god.
  1402 | D:2      | Got Plato's Teachings on the Assassin
  1473 | D:2      | Noticed Robin
  1478 | D:2      | Reached skill level 1 in Dodging
  1492 | D:2      | Killed Robin
  1581 | D:2      | Noticed Terence
  1590 | D:2      | Killed Terence
  1591 | D:2      | Reached skill level 4 in Axes
  1787 | D:2      | Reached XP level 5. HP: 41/46 MP: 4/4
  2516 | D:3      | Identified the +5 war axe of Instinct {vorpal, rElec}
  2997 | D:4      | Noticed an ogre
  3003 | D:4      | Killed an ogre
  3004 | D:4      | Reached skill level 5 in Axes
  3004 | D:4      | Reached skill level 5 in Armour
  3107 | D:4      | Reached XP level 6. HP: 53/53 MP: 5/5
  3535 | D:5      | Entered Level 5 of the Dungeon
  3564 | D:5      | Reached skill level 6 in Axes
  4003 | D:5      | Reached XP level 7. HP: 55/60 MP: 6/6
  4076 | D:5      | Reached skill level 7 in Axes
  4098 | D:5      | Reached skill level 5 in Fighting
  4505 | D:5      | HP: 2/61 [acid dragon/splash of acid (29)]
  4507 | D:5      | Slain by an acid dragon

Illustrated notes

Levels and vault maps discovered:
D:1:      nzn_arrival_crosshair, layout_loops_cross, serial_shops, shop,
          minmay_nonomino_d4
D:2:      layout_basic, shapermc_ecumenical_altar_rom_forum, uniq_terence,
          uniq_robin
D:3:      layout_basic
D:4:      layout_loops_ring
D:5:      layout_layer_cave, general_overflow_altar, dk_noncrumbling_2

Skill      XL: |  1  2  3  4  5  6  7 |
---------------+----------------------+-----
Armour         | 4 5 6 |  6.0
Fighting       | 4 5 |  5.2
Shields        | 4 |  4.7
Axes           | 3 4 5 6 7 |  7.6
Dodging        | 1 |  1.8

Action                   |  1- 3 |  4- 6 |  7- 9 || total
-------------------------+-------+-------+-------++-------
Melee: War axe           |   118 |   138 |    26 ||   282
       Headbutt          |    14 |    20 |     5 ||    39
Armor: Scale mail        |    71 |    55 |       ||   126
       Chain mail        |       |    38 |    11 ||    49
Dodge: Dodged            |    64 |    64 |    17 ||   145
Block: Buckler           |    32 |    33 |     6 ||    71
